 Dungeon Crawl Stone Soup version 0.20-a0-1009-gc986637 (webtiles) character file.

9846 Denreik the Spear-Bearer (level 11, -4/71 HPs)
             Began as a Formicid Chaos Knight on Apr 15, 2017.
             Slain by a troll (7 damage)
             ... summoned by Xom
             ... on level 10 of the Dungeon.
             The game lasted 01:16:35 (8749 turns).

Denreik the Spear-Bearer (Formicid Chaos Knight)    Turns: 8749, Time: 01:16:36

Health: -4/71      AC:  8    Str: 19    XL:     11   Next: 82%
Magic:  9/18       EV: 12    Int: 11    God:    Xom [.*....]
Gold:   642        SH:  0    Dex:  8    Spells: 17/20 levels left

rFire    . . .     SeeInvis +   V - +2 spear (venom)
rCold    . . .     Gourm    .   (no shield)
rNeg     . . .     Faith    .   R - +0 troll leather armour
rPois    .         Spirit   .   (helmet unavailable)
rElec    +         Reflect  .   (no cloak)
rCorr    .         Harm     .   K - +0 pair of gloves (curse)
MR       ++...                  (no boots)
Stlth    +.........             n - amulet of regeneration
Regen    1.1/turn               m - ring of protection from magic
MPRegen  0.2/turn               x - +1 ring of evasion

@: very slightly contaminated
A: permanent stasis, dig shafts and tunnels, four strong arms, antennae 3,
talons 2, icy blue scales 1, yellow scales 1, blurry vision 1, clumsy 1,
deformed body, dopey 1, frail 1, electricity resistance
a: Dig, Shaft Self, Renounce Religion


You were on level 10 of the Dungeon.
You worshipped Xom.
You were a plaything of Xom.
You were not hungry.

You visited 2 branches of the dungeon, and saw 12 of its levels.
You also visited: Sewer.

You collected 642 gold pieces.

Inventory:

Hand Weapons
 a - a +2 spear of chaos
 G - a +0 hunting sling
 V - a +2 spear of venom (weapon)
 W - the +8 autumn katana {slice, Clar}
   (You found it on level 10 of the Dungeon)

   It inflicts extra damage upon your enemies.
   It protects you against confusion.
Missiles
 d - 58 bolts
 i - 59 sling bullets
 s - 2 steel javelins (quivered)
 F - 5 silver tomahawks
Armour
 b - a +2 leather armour
 e - a +0 scale mail
 h - a +0 scale mail
 y - a +3 leather armour
 K - a cursed +0 pair of gloves (worn)
 R - a +0 troll leather armour (worn)
Jewellery
 m - a ring of protection from magic (left hand)
 n - an amulet of regeneration (around neck)
 x - a +1 ring of evasion (right hand)
 C - an uncursed ring of protection from cold
 P - an uncursed ring of protection from cold
Wands
 k - a wand of iceblast (3/15)
 p - a wand of iceblast (5/15)
 A - a wand of polymorph (9/24)
 D - a wand of acid (4/15)
 L - a wand of random effects (13/48)
 O - a wand of digging (16/24)
 S - a wand of scattershot (1/9)
 X - a wand of confusion (31/48)
Scrolls
 f - 3 scrolls of blinking
 g - a scroll of immolation
 r - 4 scrolls of remove curse
 t - 4 scrolls of magic mapping
 E - 4 scrolls of identify
 J - 5 scrolls of teleportation
 M - a scroll of noise {unknown}
 N - a scroll of amnesia {unknown}
 Q - a scroll of fear {unknown}
Potions
 l - a potion of cancellation
 o - 3 potions of haste
 u - 3 potions of flight
 v - a potion of invisibility
 H - 3 potions of brilliance
 I - a potion of magic
 T - a potion of ambrosia {unknown}
Books
 B - a book of Conjurations

   Spells                             Type                      Level
   a - Magic Dart                     Conjuration                  1
   b - Searing Ray                    Conjuration                  2
   c - Dazzling Spray                 Conjuration/Hexes            3
   d - Fulminant Prism                Conjuration/Hexes            4
   e - Force Lance                    Conjuration/Translocation    4
   f - Iskenderun's Mystic Blast      Conjuration                  4
Comestibles
 c - 5 bread rations
 j - 5 royal jellies
 q - 6 meat rations
 z - 14 fruits
 U - 6 chunks of flesh


   Skills:
 - Level 5.0 Fighting
 - Level 14.0 Polearms
 * Level 6.9 Armour
 - Level 0.8 Dodging
 - Level 5.1 Spellcasting
 - Level 7.0 Hexes


You had 17 spell levels left.
You knew the following spells:

 Your Spells              Type           Power        Failure   Level  Hunger
a - Dazzling Spray        Conj/Hex       ##....       21%         3    ###....


Dungeon Overview and Level Annotations

Branches:
Dungeon (11/15)              Lair (1/6) D:9
 Temple: D:4-7          Orc: D:9-12

Altars:
Cheibriados
Dithmenos
Elyvilon
Hepliaklqana
Nemelex Xobeh
Ru
Sif Muna
Xom
Yredelemnul
Zin
The Shining One

Shops:
D:4 }   D:5 }

Annotations:
D:5 Ijyb
D:10 Gastronok


Innate Abilities, Weirdness & Mutations

You cannot be hasted, slowed, berserked, paralysed or teleported.
You can dig through walls and to a lower floor.
Your four strong arms can wield two-handed weapons with a shield.
You have a pair of large antennae on your head. (SInv)
You have razor-sharp toenails.
You are partially covered in icy blue scales. (AC +2)
You are partially covered in yellow scales. (AC +2)
Scrolls take you a little longer to read.
You are clumsy. (Dex -2)
Armour fits poorly on your strangely shaped body.
You are dopey. (Int -2)
You are frail. (-10% HP)
You are resistant to electric shocks. (rElec)


Message History

Press: ? - help, Dir - move target cursor, f/p - wight
Aim: a wight, wielding a dire flail and wearing a robe (lightly damaged, summoned)
You reach to attack!
You puncture the wight!
The wight is heavily damaged.
Attack whom?
Press: ? - help, Dir - move target cursor, f/p - wight
Aim: a wight, wielding a dire flail and wearing a robe (heavily damaged, summoned)
The troll is in the way.
You hit the troll.
The troll is poisoned.
The troll is lightly wounded.
The troll bites you!
* * * LOW HITPOINT WARNING * * *
The troll claws you!
* * * LOW HITPOINT WARNING * * *
The troll claws you.
* * * LOW HITPOINT WARNING * * *
You feel better.
The troll is no longer blind.
The troll closely misses you. The troll claws you!
* * * LOW HITPOINT WARNING * * *
The troll claws you!
You die...

#.#.#####.# ##.##
#.#.......# ##...##
#.####.#######.###.#
#.# #..<......# #..
#.# #########.###.#
#.# ##....# #.#
##.#.# #.### #....
#.#@# #.... #.#T#
##... #.#z# ##.#
#.#c########### #.#
#.[zz.zz......# #.#
#############.# #.#
#.####.# #.......
######.#


You could see a troll, a centaur and 3 wights.

Vanquished Creatures
  Snorg (D:10)
  A two-headed ogre (D:8)
  The ghost of MirrMurr the Poker, a novice DsGl of Okawaru (Sewer)
  A water nymph (shapeshifter) (D:7)
  The ghost of Murumi the Covert, an amateur NaEn (D:4)
  A hornet (D:10)
  2 trolls (D:10)
  A dream sheep (shapeshifter) (D:4)
  4 hippogriffs
  2 wraiths (D:10)
  A wyvern (D:8)
  A hungry ghost (D:9)
  3 yaks (D:11)
  4 vampire mosquitoes (D:11)
  4 ice beasts
  2 orc warriors
  An eye of draining (D:11)
  5 sky beasts
  A black bear (D:9)
  4 ogres
  2 centaurs
  6 bullfrogs
  A wyvern zombie (D:10)
  A scorpion (D:9)
  8 killer bees
  A bullfrog zombie (D:9)
  5 crimson imps
  2 centaur zombies
  2 jellies
  4 hounds
  2 centaur skeletons
  3 orc priests
  3 bullfrog skeletons
  An iguana (D:6)
  11 orc wizards
  9 worker ants
  A mummy (D:6)
  9 adders
  An adder (shapeshifter) (D:3)
  4 shadow imps
  An ooze (D:6)
  2 adder zombies
  A worm (D:6)
  2 dart slugs
  9 leopard geckos
  30 orcs
  A giant cockroach (D:4)
  4 goblins
  2 hobgoblins (D:9)
  13 jackals
  6 kobolds
  2 quokkas
  7 ball pythons
  5 bats
  12 frilled lizards
  A goblin zombie (D:6)
  A hobgoblin zombie (D:6)
  A leopard gecko zombie (D:7)
  4 rats
  A spectral orc (D:6)
  A plant (Sewer)
223 creatures vanquished.

Vanquished Creatures (collateral kills)
  An ogre (D:7)
  2 bullfrogs
  A killer bee (D:3)
  A dart slug (D:2)
  A giant cockroach (D:2)
  A hobgoblin (D:2)
  2 jackals (D:2)
  A kobold (D:3)
10 creatures vanquished.

Vanquished Creatures (others)
  Menkaure (D:5)
  A jelly (D:9)
  An iguana (D:7)
  3 bushes (D:8)
  A plant (Sewer)
7 creatures vanquished.

Grand Total: 240 creatures vanquished

Notes
Turn   | Place    | Note
-------+----------+-------------------------------------------
     0 | D:1      | Denreik the Formicid Chaos Knight began the quest for the Orb.
     0 | D:1      | Reached XP level 1. HP: 18/18 MP: 1/1
    97 | D:1      | Reached XP level 2. HP: 23/25 MP: 2/2
   180 | D:1      | XOM: silly message
   329 | D:1      | XOM: harmless Fire miscast
   404 | D:1      | XOM: polymorph rat -> frilled lizard
   531 | D:1      | Reached XP level 3. HP: 31/31 MP: 3/3
   597 | D:1      | XOM: harmless Chrm miscast
   615 | D:1      | You fall through a shaft!
   670 | D:2      | XOM: swap monsters
   987 | D:2      | You fall through a shaft!
  1058 | D:3      | Noticed a killer bee
  1058 | D:3      | Noticed a killer bee
  1058 | D:3      | Noticed a killer bee
  1059 | D:3      | Noticed a killer bee
  1059 | D:3      | Noticed a killer bee
  1064 | D:3      | Killed a killer bee
  1064 | D:3      | Reached skill level 4 in Polearms
  1064 | D:3      | Reached XP level 4. HP: 30/38 MP: 4/4
  1067 | D:3      | XOM: polymorph hobgoblin -> leopard gecko
  1069 | D:3      | Reached XP level 5. HP: 5/43 MP: 5/5
  1070 | D:3      | Gained mutation: You have a somewhat thin skeletal structure. (Dex +2, Stealth) [potion of mutation]
  1070 | D:3      | Gained mutation: You have sharp toenails. [potion of mutation]
  1114 | D:3      | XOM: cast spell 'Summon Horrible Things'
  1119 | D:3      | Reached skill level 5 in Polearms
  1173 | D:3      | Found a glowing golden altar of the Shining One.
  1221 | D:3      | Noticed a steam dragon
  1225 | D:3      | XOM: enchant monster (bad)
  1229 | D:3      | Noticed an ice beast
  1229 | D:3      | a steam dragon changed into an ice beast
  1234 | D:3      | Noticed a porcupine
  1234 | D:3      | an ice beast changed into a porcupine
  1235 | D:3      | a porcupine changed into an iguana
  1429 | D:3      | Lost mutation: You have sharp toenails. [potion of mutation]
  1429 | D:3      | Lost mutation: You have a somewhat thin skeletal structure. (Dex +2, Stealth) [potion of mutation]
  1429 | D:3      | Gained mutation: Your flesh is heat resistant. (rF+) [potion of mutation]
  1429 | D:3      | Gained mutation: Your muscles are strong. (Str +2) [potion of mutation]
  1429 | D:3      | Gained mutation: Armour fits poorly on your strangely shaped body. [potion of mutation]
  1429 | D:3      | Gained mutation: You are surrounded by a mild repulsion field. (EV +2) [potion of mutation]
  1430 | D:3      | Lost mutation: Your muscles are strong. (Str +2) [potion of mutation]
  1430 | D:3      | Lost mutation: You are surrounded by a mild repulsion field. (EV +2) [potion of mutation]
  1430 | D:3      | Lost mutation: Your flesh is heat resistant. (rF+) [potion of mutation]
  1430 | D:3      | Lost mutation: Armour fits poorly on your strangely shaped body. [potion of mutation]
  1430 | D:3      | Gained mutation: You are partially covered in rugged brown scales. (AC +1, +3% HP) [potion of mutation]
  1430 | D:3      | Gained mutation: You are somewhat resistant to further mutation. [potion of mutation]
  1520 | D:3      | Found a sacrificial altar of Ru.
  1538 | D:3      | Reached XP level 6. HP: 14/50 MP: 6/6
  1679 | D:3      | Reached skill level 6 in Polearms
  1898 | D:3      | Found a shimmering altar of Xom.
  1911 | D:3      | XOM: noise
  2100 | D:4      | Noticed Murumi's ghost (amateur NaEn)
  2113 | D:4      | XOM: blink monster(s)
  2129 | D:4      | XOM: confusion
  2179 | D:4      | Killed Murumi's ghost
  2179 | D:4      | Reached skill level 7 in Polearms
  2179 | D:4      | Reached XP level 7. HP: 33/56 MP: 7/7
  2333 | D:4      | Lost mutation: You are somewhat resistant to further mutation. [potion of mutation]
  2333 | D:4      | Lost mutation: You are partially covered in rugged brown scales. (AC +1, +3% HP) [potion of mutation]
  2333 | D:4      | Gained mutation: Your magical capacity is low. (-10% MP) [potion of mutation]
  2333 | D:4      | Gained mutation: You have sharp toenails. [potion of mutation]
  2333 | D:4      | Gained mutation: Your natural rate of healing is unusually fast. [potion of mutation]
  2338 | D:4      | Found a hazy altar of Hepliaklqana.
  2451 | D:4      | Found a glowing silver altar of Zin.
  2471 | D:4      | XOM: polymorph hound -> jelly
  2479 | D:4      | Noticed a blink frog
  2479 | D:4      | an ogre changed into a blink frog
  2483 | D:4      | Noticed an orb spider
  2483 | D:4      | a blink frog changed into an orb spider
  2486 | D:4      | Noticed a jumping spider
  2486 | D:4      | an orb spider changed into a jumping spider
  2488 | D:4      | Noticed an unseen horror
  2488 | D:4      | a jumping spider changed into an unseen horror
  2489 | D:4      | Noticed a meliai
  2489 | D:4      | an unseen horror changed into a meliai
  2496 | D:4      | XOM: enchant monster (good)
  2499 | D:4      | You fall through a shaft!
  2499 | D:5      | Entered Level 5 of the Dungeon
  2499 | D:5      | Noticed Menkaure
  2501 | D:5      | XOM: summons friendly crimson imp
  2510 | D:5      | Killed Menkaure
  2510 | D:5      | XOM: divine lightning
  2539 | D:5      | Reached skill level 8 in Polearms
  2544 | D:5      | XOM: scenery: 1 doors close
  2633 | D:5      | Reached XP level 8. HP: 37/61 MP: 7/7
  2634 | D:5      | XOM: scenery: create altars
  2651 | D:5      | XOM: summons 3 friendly demons
  2656 | D:5      | HP: 4/91 [poisoned by a killer bee]
  2661 | D:5      | HP: 3/91 [poisoned by a killer bee]
  2666 | D:5      | HP: 2/91 [poisoned by a killer bee]
  2671 | D:5      | HP: 2/91 [poisoned by a killer bee]
  2676 | D:5      | HP: 4/91 [poisoned by a killer bee]
  2795 | D:5      | XOM: god gift: 25 gold pieces
  2826 | D:5      | XOM: god gift: thin amethyst amulet {god gift}
  2981 | D:5      | Found a snail-covered altar of Cheibriados.
  3018 | D:5      | XOM: blink monster(s)
  3020 | D:5      | XOM: enchant monster (good)
  3076 | D:5      | XOM: god gift: book of Conjurations
  3091 | D:5      | Reached skill level 9 in Polearms
  3100 | D:5      | Learned a level 3 spell: Dazzling Spray
  3208 | D:4      | Noticed a glowing shapeshifter
  3208 | D:4      | a meliai changed into a glowing shapeshifter
  3208 | D:4      | Noticed a dream sheep
  3208 | D:4      | a glowing shapeshifter changed into a dream sheep
  3212 | D:4      | Killed a dream sheep
  3212 | D:4      | Reached skill level 10 in Polearms
  3216 | D:4      | Gained mutation: You are agile. (Dex +2) [mutagenic meat]
  3217 | D:4      | Gained mutation: Scrolls take you a little longer to read. [mutagenic meat]
  3218 | D:4      | Lost mutation: You are agile. (Dex +2) [mutagenic meat]
  3219 | D:4      | Gained mutation: You have razor-sharp toenails. [mutagenic meat]
  3374 | D:4      | Found Zunaal's Gadget Boutique.
  3468 | D:4      | Reached XP level 9. HP: 59/66 MP: 8/8
  3507 | D:4      | Found a sacrificial altar of Ru.
  3659 | D:5      | Noticed Ijyb
  3681 | D:5      | XOM: harmless Tmut miscast
  3746 | D:5      | Found Ticusul's Gadget Shoppe.
  3761 | D:5      | XOM: god gift: puce potion {god gift}
  3814 | D:5      | XOM: noise
  3990 | D:6      | Found a sparkling altar of Nemelex Xobeh.
  4019 | D:6      | Found a glowing drain.
  4019 | D:6      | XOM: mild Summ miscast
  4031 | D:6      | XOM: smoke on damage
  4048 | Sewer    | Entered a sewer
  4169 | Sewer    | XOM: scenery: create altars
  4246 | Sewer    | Noticed MirrMurr's ghost (novice DsGl)
  4253 | Sewer    | XOM: butterfly on damage
  4268 | Sewer    | Killed MirrMurr's ghost
  4268 | Sewer    | Reached skill level 11 in Polearms
  4892 | D:6      | XOM: mild Summ miscast
  4975 | D:6      | Found a basalt altar of Yredelemnul.
  5254 | D:6      | XOM: noise
  5320 | D:7      | Lost mutation: You have razor-sharp toenails. [potion of mutation]
  5320 | D:7      | Lost mutation: Scrolls take you a little longer to read. [potion of mutation]
  5320 | D:7      | Lost mutation: Your magical capacity is low. (-10% MP) [potion of mutation]
  5320 | D:7      | Lost mutation: Your natural rate of healing is unusually fast. [potion of mutation]
  5320 | D:7      | Gained mutation: Your body sometimes deteriorates upon taking damage. [potion of mutation]
  5320 | D:7      | Gained mutation: You occasionally shout uncontrollably at your foes. [potion of mutation]
  5320 | D:7      | Gained mutation: You are covered in fur. (AC +1) [potion of mutation]
  5348 | D:7      | XOM: summons 2 friendly demons
  5380 | D:7      | Reached skill level 12 in Polearms
  5420 | D:7      | Noticed a hippogriff
  5432 | D:7      | XOM: fake destruction
  5438 | D:7      | XOM: polymorph worker ant -> swamp drake
  5453 | D:7      | XOM: potion effect (might)
  5455 | D:7      | Killed a hippogriff
  5461 | D:8      | XOM: potion effect (agility)
  5468 | D:7      | Noticed a raiju
  5468 | D:7      | a shapeshifter changed into a raiju
  5469 | D:7      | a raiju changed into a shapeshifter
  5469 | D:7      | Noticed a meliai
  5469 | D:7      | a shapeshifter changed into a meliai
  5470 | D:7      | Noticed a shining eye
  5470 | D:7      | a meliai changed into a shining eye
  5474 | D:7      | Noticed a water nymph
  5474 | D:7      | a shining eye changed into a water nymph
  5478 | D:7      | Killed a water nymph
  5478 | D:7      | Reached XP level 10. HP: 35/73 MP: 10/10
  5483 | D:7      | Lost mutation: Your body sometimes deteriorates upon taking damage. [mutagenic meat]
  5488 | D:7      | XOM: enchant monster (good)
  5497 | D:7      | Reached skill level 13 in Polearms
  5544 | D:7      | Found a shadowy altar of Dithmenos.
  5605 | D:7      | XOM: give mutations
  5605 | D:7      | Gained mutation: You are frail. (-10% HP) [Xom's mischief]
  5605 | D:7      | Gained mutation: You are weak. (Str -2) [Xom's mischief]
  5605 | D:7      | Lost mutation: You are covered in fur. (AC +1) [Xom's mischief]
  5651 | D:7      | XOM: give mutations
  5651 | D:7      | Lost mutation: You occasionally shout uncontrollably at your foes. [Xom's mischief]
  5651 | D:7      | Gained mutation: Scrolls take you a little longer to read. [Xom's mischief]
  5651 | D:7      | Lost mutation: You are weak. (Str -2) [Xom's mischief]
  5799 | D:8      | XOM: give mutations
  5799 | D:8      | Gained mutation: You have razor-sharp toenails. [Xom's grace]
  5799 | D:8      | Gained mutation: You are resistant to electric shocks. (rElec) [Xom's grace]
  5799 | D:8      | Gained mutation: You are partially covered in yellow scales. (AC +2) [Xom's grace]
  5799 | D:8      | Gained mutation: You passively map a small area around you. [Xom's grace]
  5866 | D:8      | XOM: cleaving
  5877 | D:8      | Found a white marble altar of Elyvilon.
  5987 | D:8      | XOM: mild Tmut miscast
  6049 | D:8      | Found a deep blue altar of Sif Muna.
  6137 | D:8      | Noticed a two-headed ogre
  6147 | D:8      | XOM: medium Tmut miscast
  6161 | D:8      | Killed a two-headed ogre
  6161 | D:8      | Reached skill level 14 in Polearms
  6454 | D:9      | Reached skill level 5 in Fighting
  6807 | D:9      | Found a staircase to the Lair.
  6812 | Lair:1   | Entered Level 1 of the Lair of Beasts
  6812 | Lair:1   | Noticed a spiny frog
  6892 | D:10     | Entered Level 10 of the Dungeon
  6895 | D:10     | Noticed Gastronok
  7050 | D:10     | Reached skill level 5 in Armour
  7069 | D:10     | XOM: confusion
  7162 | D:10     | XOM: summons 1 hostile demon
  7190 | D:10     | Reached XP level 11. HP: 26/71 MP: 11/11
  7194 | D:10     | Noticed Snorg
  7200 | D:10     | You fall through a shaft!
  7200 | D:11     | XOM: enchant monster (bad)
  7205 | D:11     | XOM: confusion (+ monsters)
  7206 | D:11     | XOM: summons friendly ufetubus
  7210 | D:11     | XOM: swap monsters
  7217 | D:11     | XOM: cast spell 'Call Canine Familiar'
  7264 | D:11     | Reached skill level 5 in Hexes
  7361 | D:11     | Noticed a cyclops
  7496 | D:11     | XOM: medium Hex miscast
  7506 | D:11     | XOM: god gift: 26 gold pieces
  7590 | D:11     | Reached skill level 1 in Spellcasting
  7820 | D:10     | HP: 2/71 [orc warrior/halberd (20)]
  7820 | D:10     | XOM: butterfly on damage
  7906 | D:10     | XOM: enchant monster (bad)
  7918 | D:10     | XOM: butterfly on damage
  7929 | D:10     | XOM: cleaving
  7944 | D:10     | Lost mutation: You passively map a small area around you. [mutagenic meat]
  7946 | D:10     | Gained mutation: Armour fits poorly on your strangely shaped body. [mutagenic meat]
  7947 | D:10     | Gained mutation: You are clumsy. (Dex -2) [mutagenic meat]
  7969 | D:10     | XOM: give mutations
  7969 | D:10     | Gained mutation: You are dopey. (Int -2) [Xom's mischief]
  7969 | D:10     | Lost mutation: Scrolls take you a little longer to read. [Xom's mischief]
  7969 | D:10     | Gained mutation: Scrolls take you a little longer to read. [Xom's mischief]
  8094 | D:10     | XOM: scenery: create altars
  8105 | D:10     | XOM: swap monsters
  8266 | D:10     | XOM: divination: magic mapping
  8402 | D:10     | XOM: mild Pois miscast
  8436 | D:10     | Reached skill level 5 in Spellcasting
  8520 | D:10     | XOM: potion effect (brilliance)
  8536 | D:10     | Killed Snorg
  8592 | D:10     | XOM: give mutation
  8592 | D:10     | Gained mutation: You are partially covered in icy blue scales. (AC +2) [Xom's grace]
  8648 | D:10     | XOM: harmless Erth miscast
  8738 | D:10     | XOM: summons 3 hostile shadow creatures
  8748 | D:10     | HP: 2/71 [troll[Xom] (4)]
  8749 | D:10     | Slain by a troll

Vault maps used:
D:1:      ncdulo_smallfort
D:2:      makhleb_blood_cavern_becter, lemuel_statue_altar
D:3:      nicolae_tso_swordbearing_angel, old_standard_altar,
          overflow_temple_1_default, first_bread, minmay_misc_feat_ornament
D:4:      zin_statuary, lemuel_doored_altar, serial_shops,
          kennysheep_little_box, nicolae_ru_path_of_blood
D:5:      nicolae_overflow_crystal_walls, serial_shops, kennysheep_mini,
          uniq_iyjb, uniq_menkaure
D:6:      dancing_weapons_uskayaw, yredelemnul_forgotten_temple_becter,
          cheibrodos_sewer_entry_drain, nicolae_ossuary_entry_giza,
          nemelex_spade_bored_becter
D:7:      nicolae_dithmenos_shadow_blocks, nemelex_xobeh_ov_fountains_minmay,
          nicolae_temple_entry_ecumenical, uniq_crazy_yiuf_cottage
D:8:      nicolae_overflow_hidden_temple, led_sif_pool, minmay_hedge_maze
D:9:      lair_entry_dummy, corexii_checkpoint_b
D:10:     uniq_snorg, uniq_gastronok
D:11:     david_orc_3, the_bakery, minivault_27
Lair:1:   infiniplex_staircase_pool_2, minmay_lair_oklob_chamber,
          serial_bayou_shore_b, grunt_megastairs_5, serial_bayou_shore_a,
          uniq_nergalle
Sewer:    sewer_co_scattered_pipes

Skill      XL: |  1  2  3  4  5  6  7  8  9 10 11 |
---------------+----------------------------------+-----
Fighting       | 4 5 |  5.0
Polearms       | 4 5 7 8 10 12 14 | 14.0
Armour         | 5 6 |  6.9
Hexes          | 2 7 |  7.0
Spellcasting   | 5 |  5.1
Dodging        | |  0.8

Action                   |  1- 3 |  4- 6 |  7- 9 | 10-12 || total
-------------------------+-------+-------+-------+-------++-------
Melee: Spear             |    86 |    96 |   487 |   609 ||  1278
       Kick              |       |     3 |    78 |   128 ||   209
Throw: Javelin           |       |       |     1 |     2 ||     3
 Cast: Dazzling Spray    |       |       |       |    35 ||    35
 Abil: Shaft Self        |     2 |       |     1 |     1 ||     4
       Dig               |       |     6 |     5 |     8 ||    19
Evoke: Wand              |       |       |     8 |     1 ||     9
  Use: Potion            |       |     6 |     8 |     7 ||    21
       Scroll            |       |       |    16 |     3 ||    19
 Stab: Sleeping          |       |     3 |       |       ||     3
       Paralysed         |       |       |     3 |    11 ||    14
       Confused          |       |       |     1 |     4 ||     5
       Petrified         |       |       |       |     7 ||     7
       Invisible         |       |       |       |    12 ||    12
       Petrifying        |       |       |       |     1 ||     1
  Eat: Chunk             |     1 |     1 |    15 |    19 ||    36
       Bread ration      |       |     1 |       |     1 ||     2
Armor: Leather armour    |    16 |    12 |    60 |    61 ||   149
       Skin              |       |       |       |    26 ||    26
       Troll leather arm |       |       |       |    16 ||    16
Dodge: Dodged            |    23 |    30 |   177 |   180 ||   410
